 Dungeon Crawl Stone Soup version 0.30.0-17-ge0270778cf (webtiles) character file.

Game seed: 15082024914262970728

46093 Pooter the Severer (level 14, -1/135 HPs)
             Began as a Minotaur Berserker on May 21, 2023.
             Was a High Priest of Trog.
             Slain by a lindwurm (6 damage)
             ... on level 4 of the Lair of Beasts.
             The game lasted 01:46:12 (20934 turns).

Pooter the Severer (Minotaur Berserker)            Turns: 20934, Time: 01:46:12

Health: -1/135     AC: 14    Str: 29    XL:     14   Next: 3%
Magic:  13/13      EV:  8    Int:  4    God:    Trog [*****.]
Gold:   854        SH:  0    Dex: 16    Spells: 13/13 levels left

rFire   + . .        a - +6 dire flail (heavy)
rCold   + . .        (shield currently unavailable)
rNeg    + . .        T - +1 plate armour "Tiwen" {-Cast Dex+4 Slay+3 Stlth+}
rPois   .            (helmet restricted)
rElec   .            n - scarf of Nypsyomi {rC+ rF+, Str+2 Dex+2}
rCorr   +            d - +0 pair of gloves
SInv    .            Z - +0 pair of boots
Will    +++..        F - amulet of regeneration Stlth
                     N - ring of positive energy
HPRegen 2.22/turn    C - ring of resist corrosion
MPRegen 0.13/turn

%: no spellcasting
@: strong-willed, on berserk cooldown, regenerating
A: horns 2, retaliatory headbutt
a: Renounce Religion, Berserk, Trog's Hand, Brothers in Arms


You were on level 4 of the Lair of Beasts.
You worshipped Trog.
Trog was extremely pleased with you.
You visited 3 branches of the dungeon, and saw 18 of its levels.
You visited the Abyss 1 time.
You also visited: Sewer and Bailey.

You collected 2688 gold pieces.
You spent 1834 gold pieces at shops.

Inventory:

Hand Weapons
 a - a +6 heavy dire flail (weapon)
   (You took it off an orc warrior on level 6 of the Dungeon)
 b - a +3 antimagic arbalest
   (You bought it in a shop on level 2 of the Orcish Mines)
 c - a +3 great mace of holy wrath
   (You took it off an orc warlord on level 1 of the Orcish Mines)
 w - a +0 arbalest of chaos
   (You took it off an orc warrior on level 9 of the Dungeon)
 K - a +0 broad axe
   (You took it off an orc warrior in a bailey)
 M - a +5 battleaxe
   (You took it off a wight on level 6 of the Dungeon)
 Y - the +5 hand axe of the Forgotten Thickets {freeze, rF- rC- rN+++ SInv}
   (You found it on level 8 of the Dungeon)

   rF:        It makes you vulnerable to fire.
   rC:        It makes you vulnerable to cold.
   rN:        It renders you almost immune to negative energy.
   SInv:      It lets you see invisible.
Missiles
 j - 29 poisoned darts
 p - 14 atropa-tipped darts
 v - 34 boomerangs (quivered)
 H - a throwing net {!f}
 L - 6 datura-tipped darts
 X - 5 curare-tipped darts
Armour
 d - a +0 pair of gloves (worn)
   (You found it on level 4 of the Dungeon)
 n - the scarf of Nypsyomi (worn) {rC+ rF+, Str+2 Dex+2}
   (You acquired it on level 7 of the Dungeon)

   Str:       It affects your strength (+2).
   Dex:       It affects your dexterity (+2).
 A - a scarf of harm
   (You found it on level 4 of the Dungeon)
 B - a +1 ring mail of poison resistance
   (You took it off Duvessa on level 4 of the Dungeon)
 J - a +2 plate armour
   (You took it off an orc warrior on level 6 of the Dungeon)
 T - the +1 plate armour "Tiwen" (worn) {-Cast Dex+4 Slay+3 Stlth+}
   (You found it on level 7 of the Dungeon)

   Dex:       It affects your dexterity (+4).
   Slay:      It affects your accuracy & damage with ranged weapons and melee
   (+3).
   -Cast:     It prevents spellcasting.
   Stlth:     It makes you more stealthy.
 Z - a +0 pair of boots (worn)
   (You found it on level 2 of the Lair of Beasts)
Jewellery
 r - an amulet of reflection
   (You found it on level 3 of the Dungeon)
 x - a ring of willpower
   (You took it off an orc on level 8 of the Dungeon)
 C - a ring of resist corrosion (right hand)
   (You found it on level 6 of the Dungeon)
 F - an amulet of regeneration (around neck)
   (You found it on level 10 of the Dungeon)
 G - an amulet of guardian spirit
   (You found it on level 8 of the Dungeon)
 I - the ring of Impatience {Drain rPois rC+ rN+++ MP+9}
   (You found it in a bailey)

   [ring of protection from cold]

   rC:        It protects you from cold.
   rPois:     It protects you from poison.
   rN:        It renders you almost immune to negative energy.
   MP:        It affects your magic capacity (+9).
   Drain:     It drains your maximum health when unequipped.
 N - a ring of positive energy (left hand)
   (You found it on level 5 of the Dungeon)
Wands
 f - a wand of flame (63)
   (You took it off Sigmund on level 3 of the Dungeon)
 D - a wand of mindburst (3)
   (You bought it in a shop on level 4 of the Dungeon)
 E - a wand of roots (15)
   (You took it off Duvessa on level 4 of the Dungeon)
 Q - a wand of quicksilver (4)
   (You found it on level 2 of the Lair of Beasts)
Scrolls
 e - 8 scrolls of immolation {!r}
 i - 2 scrolls of identify {@r1}
 l - 2 scrolls of poison {!r}
 o - 2 scrolls of silence
 q - 2 scrolls of magic mapping
 t - 3 scrolls of teleportation {@r4}
 u - 6 scrolls of fear
 y - 3 scrolls of noise {!r}
 W - a scroll of fog
Potions
 g - 6 potions of heal wounds {@q2}
 h - 14 potions of curing {@q1}
 k - a potion of haste {@q3}
 m - a potion of invisibility
 s - 4 potions of lignification {!q}
 O - a potion of cancellation
 P - 2 potions of mutation {!q}
 R - 2 potions of resistance
 S - 3 potions of attraction {!q}
 U - 3 potions of might
 V - a potion of flight


   Skills:
 + Level 15.2 Fighting
 + Level 17.7(18.6) Axes
 - Level 10.1(15.1) Maces & Flails
 + Level 14.0 Ranged Weapons
 - Level 2.4 Armour
 - Level 2.1 Dodging


You had 13 spell levels left.
You didn't know any spells.
Your spell library was empty.

Dungeon Overview and Level Annotations

Branches:
Dungeon (11/15)            Temple (0/1) D:4            Lair (5/5) D:11
 Shoals (0/4) Lair:2          Orc (2/2) D:9             Elf (0/3) Orc:2
  Sewer (visited)          Bailey (visited)
  Snake: Lair:2-3    Spider: Lair:2-3     Slime: Lair:4-5

Altars:
Ashenzari
Cheibriados
Elyvilon
Okawaru
Ru
Sif Muna
Trog
Vehumet
Xom
Yredelemnul

Shops:
D:1 !   D:4 *   D:7 [?!(   Orc:2 (((*

Annotations:
D:3 1 runed translucent door, Crazy Yiuf
D:8 2 transporters, Sans23's ghost, novice HuWn


Innate Abilities, Weirdness & Mutations

You have a pair of horns on your head.
You reflexively headbutt those who attack you in melee.


Message History

The lindwurm bites you but does no damage.
The lindwurm claws you but does no damage.
The lindwurm closely misses you. The lindwurm breathes flames at you.
The blast of flame hits you! You resist.
* * * LOW HITPOINT WARNING * * *
Unknown command.
Found 11 gold pieces.
The lindwurm closely misses you. You furiously retaliate!
You headbutt the lindwurm. The lindwurm closely misses you.
The lindwurm claws you.
* * * LOW HITPOINT WARNING * * *
There is a stone staircase leading up here.
The basilisk gazes at you. You resist with almost no effort.
The lindwurm barely misses you. The lindwurm claws you.
* * * LOW HITPOINT WARNING * * *
The lindwurm claws you but does no damage.
The basilisk bites you.
* * * LOW HITPOINT WARNING * * *
The lindwurm bites you!
* * * LOW HITPOINT WARNING * * *
The lindwurm claws you.
* * * LOW HITPOINT WARNING * * *
The lindwurm claws you but does no damage.
You climb upwards.
Found a scroll of enchant armour and 2 javelins.
There is a stone staircase leading down here.
You barely miss the basilisk. You headbutt the basilisk!!
The basilisk closely misses you. The lindwurm bites you!
* * * LOW HITPOINT WARNING * * *
The lindwurm claws you but does no damage.
The lindwurm claws you.
* * * LOW HITPOINT WARNING * * *
You stick the basilisk like a pincushion!!!
You kill the basilisk!
Trog accepts your kill. The lindwurm bites you!
* * * LOW HITPOINT WARNING * * *
The lindwurm barely misses you. The lindwurm completely misses you.
The lindwurm bites you but does no damage.
The lindwurm barely misses you.
The lindwurm claws you but does no damage.
Unknown command.
You spit the lindwurm like a pig!!!
You feel yourself speed up. The lindwurm bites you.
* * * LOW HITPOINT WARNING * * *
The lindwurm claws you but does no damage.
The lindwurm claws you.
You die...

P# P....# ..
... +....##..
... #.......
..##......#
##..#....#
###..P.....#.##
?.....Pk†......
.......@.......
...............
....(..........
#P.####........
## #.....#..
.....## .
...... .......


You could see a lindwurm.

Vanquished Creatures
  An ancient lich (Abyss:1)
  The ghost of Hazorath the Brawler, a journeyman TrBe of Trog (D:9)
  An orc warlord (Orc:1)
  A merfolk impaler (Orc:1)
  2 hydras
  2 two-headed ogres
  The ghost of bairyn the Protected, a novice AtFi of Gozag (D:11)
  4 orc high priests (Orc:2)
  3 death yaks (Lair:5)
  Sonja (D:11)
  A skyshark (Lair:5)
  Amaemon (Lair:2)
  The ghost of taunis the Fighter, a novice HOMo of Qazlal (D:5)
  4 lindwurms (D:8)
  3 orc knights
  2 orc sorcerers
  2 oklob plants (D:11)
  A merfolk siren (Lair:2)
  4 black mambas
  Joseph (D:8)
  2 cane toads
  An orange demon (Lair:2)
  7 komodo dragons
  4 unseen horror zombies (D:9)
  An anaconda simulacrum (Abyss:1)
  A rime drake (Lair:1)
  An ancient zyme (Abyss:1)
  A polar bear (Lair:2)
  4 trolls
  A hornet (D:10)
  A wraith (D:10)
  Sigmund (D:3)
  A shadow (D:9)
  Grum (D:11)
  3 wyverns
  38 yaks
  A basilisk (Lair:4)
  2 steam dragons (D:9)
  2 wargs
  11 water moccasins
  Duvessa (D:4)
  2 sky beasts
  32 orc warriors
  A black bear (Lair:1)
  An ice beast (D:7)
  4 ogres
  15 wolves
  3 centaurs
  Blork the orc (D:5)
  5 kobold brigands (Bailey)
  2 gnoll sergeants (D:9)
  8 bullfrogs
  2 scorpions (D:6)
  12 wights
  Dowan (D:4)
  17 killer bees
  7 howler monkeys
  4 centaur zombies
  A bullfrog zombie (D:5)
  2 hounds (D:4)
  A jelly (D:6)
  A gnoll bouda (D:5)
  31 orc priests
  Jessica (D:2)
  3 sleepcaps
  5 iguanas
  36 orc wizards
  A killer bee zombie (D:9)
  2 howler monkey zombies (D:9)
  Robin (D:2)
  19 gnolls
  17 adders
  5 river rats (Sewer)
  A shadow imp (D:5)
  A white imp (D:8)
  2 ufetubi
  3 dart slugs
  2 worms
  80 orcs
  10 endoplasms
  7 giant cockroaches
  22 goblins
  3 hobgoblins
  4 jackals (Sewer)
  8 quokkas
  9 ball pythons
  10 bats
  6 frilled lizards
  11 kobolds
  6 rats
550 creatures vanquished.

Vanquished Creatures (others)
  A quokka (D:9)
1 creature vanquished.

Grand Total: 551 creatures vanquished

Notes
Turn   | Place    | Note
-------+----------+-------------------------------------------
     0 | D:1      | Pooter the Minotaur Berserker began the quest for the Orb.
     0 | D:1      | Reached XP level 1. HP: 19/19 MP: 0/0
    47 | D:1      | Reached skill level 4 in Axes
    50 | D:1      | Reached XP level 2. HP: 25/27 MP: 1/1
    90 | D:1      | Found Heyce's Distillery.
   490 | D:2      | Noticed Jessica
   495 | D:2      | Killed Jessica
   496 | D:2      | Reached XP level 3. HP: 33/33 MP: 2/2
   562 | D:2      | Noticed Robin
   582 | D:2      | Reached skill level 5 in Axes
   586 | D:2      | Killed Robin
   589 | D:2      | Reached ** piety under Trog
   591 | D:2      | Reached XP level 4. HP: 41/41 MP: 3/3
   803 | D:1      | Bought a potion of heal wounds for 60 gold pieces
  1006 | D:2      | Identified the +0 robe "Rysagiy" {Int+4}
  1632 | D:3      | Found a sacrificial altar of Ru.
  1672 | D:3      | Reached skill level 5 in Fighting
  1672 | D:3      | Reached skill level 6 in Axes
  1672 | D:3      | Reached XP level 5. HP: 48/48 MP: 4/4
  1790 | D:1      | Bought 2 potions of might for 96 gold pieces
  2008 | D:3      | Found a runed translucent door.
  2009 | D:3      | Noticed Crazy Yiuf
  2189 | D:3      | Noticed Sigmund
  2203 | D:3      | Killed Sigmund
  2204 | D:3      | Reached skill level 7 in Axes
  2204 | D:3      | Reached XP level 6. HP: 57/57 MP: 5/5
  2814 | D:4      | Found Zaveteb's Assorted Antiques.
  2898 | D:4      | Found a glowing drain.
  2912 | Sewer    | Entered a sewer
  3096 | Sewer    | Reached skill level 8 in Axes
  3207 | Sewer    | Reached XP level 7. HP: 48/63 MP: 6/6
  3394 | Sewer    | Reached *** piety under Trog
  3920 | D:4      | Found a broken altar of Ashenzari.
  3950 | D:4      | Found a staircase to the Ecumenical Temple.
  4216 | D:4      | Noticed Duvessa
  4223 | D:4      | Noticed Dowan
  4231 | D:4      | Killed Duvessa
  4239 | D:4      | Reached skill level 9 in Axes
  4254 | D:4      | Killed Dowan
  4656 | D:4      | Bought a bone wand for 96 gold pieces
  4826 | D:5      | Entered Level 5 of the Dungeon
  4828 | D:5      | Found a transporter.
  5046 | D:5      | Noticed a yak
  5046 | D:5      | Noticed a yak
  5046 | D:5      | Noticed a yak
  5065 | D:5      | Noticed a yak
  5067 | D:5      | Killed a yak
  5068 | D:5      | Reached XP level 8. HP: 51/73 MP: 7/7
  5071 | D:5      | Reached skill level 10 in Axes
  5085 | D:5      | Reached skill level 11 in Axes
  5216 | D:5      | Noticed Blork the orc
  5219 | D:5      | Killed Blork the orc
  5257 | D:5      | Reached skill level 12 in Axes
  5257 | D:5      | Reached XP level 9. HP: 82/82 MP: 8/8
  5300 | D:5      | Noticed taunis's ghost (novice HOMo)
  5611 | D:5      | Found a transporter.
  5748 | D:5      | Killed taunis's ghost
  5749 | D:5      | Reached skill level 13 in Axes
  5999 | D:6      | Reached skill level 10 in Fighting
  6006 | D:6      | Found a basalt altar of Yredelemnul.
  6360 | D:6      | Reached skill level 1 in Maces & Flails
  6523 | D:6      | Reached skill level 14 in Axes
  6849 | D:7      | Found a flagged portal.
  6880 | Bailey   | Entered a bailey
  6930 | Bailey   | Reached XP level 10. HP: 91/94 MP: 9/9
  7042 | Bailey   | Found an iron altar of Okawaru.
  7052 | Bailey   | Identified the ring of Impatience {Drain rPois rC+ rN+++
                  | MP+9}
  7241 | D:1      | Bought a potion of cancellation for 96 gold pieces
  7241 | D:1      | Bought a potion of mutation for 96 gold pieces
  7241 | D:1      | Bought a potion of resistance for 120 gold pieces
  7241 | D:1      | Bought a potion of heal wounds for 60 gold pieces
  7345 | D:7      | Found Inoymu's Antique Armour Shoppe.
  7345 | D:7      | Found a snail-covered altar of Cheibriados.
  7347 | D:7      | Found Qiri's Distillery.
  7347 | D:7      | Found Wotajout's Magic Scroll Shoppe.
  7358 | D:7      | Bought a potion of curing for 36 gold pieces
  7358 | D:7      | Bought a potion of curing for 36 gold pieces
  7358 | D:7      | Bought a potion of resistance for 120 gold pieces
  7358 | D:7      | Bought a potion of curing for 36 gold pieces
  7358 | D:7      | Bought a potion of might for 48 gold pieces
  7358 | D:7      | Bought a potion of attraction for 36 gold pieces
  7358 | D:7      | Bought a potion of curing for 36 gold pieces
  7358 | D:7      | Bought a potion of curing for 36 gold pieces
  7415 | D:7      | Bought a scroll of magic mapping for 90 gold pieces
  7415 | D:7      | Bought a scroll of identify for 24 gold pieces
  7415 | D:7      | Bought a scroll of identify for 24 gold pieces
  7415 | D:7      | Identified a scroll of acquirement
  7416 | D:7      | Acquired the scarf of Nypsyomi {rC+ rF+, Str+2 Dex+2}
  7475 | D:7      | Found Riptieva's Antique Weapon Emporium.
  7518 | D:7      | Identified the +1 plate armour "Tiwen" {-Cast Dex+4 Slay+3
                  | Stlth+}
  7701 | D:7      | Found a shimmering blue altar of Sif Muna.
  7701 | D:7      | Found a radiant altar of Vehumet.
  7701 | D:7      | Found a shimmering altar of Xom.
  7805 | D:8      | Noticed Joseph
  7814 | D:8      | Reached **** piety under Trog
  7817 | D:8      | Killed Joseph
  7818 | D:8      | Reached skill level 5 in Maces & Flails
  7922 | D:8      | Noticed a lindwurm
  8249 | D:8      | Noticed a lindwurm
  8254 | D:8      | Noticed a lindwurm
  8257 | D:8      | Noticed a lindwurm
  8264 | D:8      | Killed a lindwurm
  8265 | D:8      | Reached skill level 1 in Ranged Weapons
  8266 | D:8      | Killed a lindwurm
  8270 | D:8      | Killed a lindwurm
  8275 | D:8      | Killed a lindwurm
  8520 | D:8      | Identified the +5 hand axe of the Forgotten Thickets
                  | {freeze, rF- rC- rN+++ SInv}
  8706 | D:8      | Noticed a two-headed ogre
  8707 | D:8      | Noticed Sans23's ghost (novice HuWn)
  8707 | D:8      | Noticed a moth of wrath
  8708 | D:8      | Found a bloodstained altar of Trog.
  8840 | D:8      | Found a transporter.
  8841 | D:8      | Found a transporter.
  9013 | D:7      | Bought a scroll of enchant weapon for 90 gold pieces
  9013 | D:7      | Bought a scroll of enchant weapon for 90 gold pieces
  9049 | D:9      | Noticed a two-headed ogre
  9069 | D:9      | Killed a two-headed ogre
  9389 | D:9      | Reached XP level 11. HP: 97/102 MP: 10/10
  9825 | D:9      | Found a staircase to the Orcish Mines.
  9838 | D:9      | Reached skill level 5 in Ranged Weapons
 10131 | D:9      | Reached skill level 15 in Axes
 11277 | D:9      | Found a white marble altar of Elyvilon.
 11348 | Orc:1    | Entered Level 1 of the Orcish Mines
 11524 | Orc:1    | Reached ***** piety under Trog
 11656 | D:9      | Upgraded the game from 0.30.0-16-gbe6223bb7e to
                  | 0.30.0-17-ge0270778cf
 11700 | Orc:1    | Noticed an orc sorcerer
 11714 | Orc:1    | Killed an orc sorcerer
 11768 | Orc:1    | Found a runed translucent gate.
 11770 | Orc:1    | Noticed an orc knight
 11771 | Orc:1    | Noticed an orc warlord
 11775 | Orc:1    | Noticed Hazorath's ghost (journeyman TrBe)
 11775 | Orc:1    | Noticed a merfolk impaler
 11775 | Orc:1    | Noticed an orc knight
 11776 | Orc:1    | Found a runed translucent gate.
 11777 | Orc:1    | Found a runed translucent gate.
 11777 | Orc:1    | Noticed an orc knight
 11787 | Orc:1    | Found an iron altar of Okawaru.
 11969 | Abyss:1  | Cast into level 1 of the Abyss (orc warrior)
 12020 | Abyss:1  | Noticed a glowing orange brain
 12020 | Abyss:1  | Noticed an ancient lich
 12040 | Abyss:1  | Killed an ancient lich
 12041 | Abyss:1  | Reached skill level 10 in Maces & Flails
 12041 | Abyss:1  | Reached XP level 12. HP: 33/113 MP: 11/11
 12102 | Orc:1    | Escaped the Abyss
 12340 | D:9      | Killed Hazorath's ghost
 12769 | Orc:1    | Killed an orc warlord
 12929 | Orc:1    | Killed a merfolk impaler
 13066 | Orc:1    | Identified the staff of cold "Zoipic" {Drain rC+ Int+8
                  | Dex+3}
 13088 | Orc:2    | Entered Level 2 of the Orcish Mines
 13112 | Orc:2    | Found a staircase to the Elven Halls.
 13186 | Orc:2    | Noticed an orc high priest
 13204 | Orc:2    | Killed an orc high priest
 13205 | Orc:2    | Reached skill level 16 in Axes
 13205 | Orc:2    | Reached skill level 10 in Ranged Weapons
 13253 | Orc:2    | Noticed an orc high priest
 13261 | Orc:2    | Killed an orc high priest
 14470 | Orc:2    | Paralysed by an orc sorcerer for 4 turns
 14590 | Orc:2    | Noticed an orc high priest
 14598 | Orc:2    | Killed an orc high priest
 15087 | Orc:2    | Noticed an orc high priest
 15090 | Orc:2    | Killed an orc high priest
 15637 | Orc:2    | Found Wyminlel's General Store.
 15637 | Orc:2    | Found Budiadiklu's Antique Weapon Shoppe.
 15638 | Orc:2    | Found Wicay's Weapon Emporium.
 15642 | Orc:2    | Found Fothihun's Antique Weapon Emporium.
 15645 | Orc:2    | Bought a scroll of identify for 24 gold pieces
 15645 | Orc:2    | Bought a scroll of identify for 24 gold pieces
 15645 | Orc:2    | Bought a scroll of poison for 48 gold pieces
 15645 | Orc:2    | Bought a scroll of identify for 24 gold pieces
 15650 | Orc:2    | Bought a glowing arbalest for 172 gold pieces
 16369 | D:4      | Bought a potion of might for 96 gold pieces
 16369 | D:4      | Bought a potion of heal wounds for 120 gold pieces
 16442 | D:10     | Entered Level 10 of the Dungeon
 17030 | D:10     | Reached XP level 13. HP: 101/123 MP: 4/12
 17655 | D:11     | Noticed Grum
 17662 | D:11     | Killed Grum
 17762 | D:11     | Found a staircase to the Lair.
 17963 | D:11     | Noticed Sonja
 17972 | D:11     | Killed Sonja
 18059 | D:11     | Found a runed translucent door.
 18079 | D:11     | Noticed bairyn's ghost (novice AtFi)
 18151 | D:11     | Killed bairyn's ghost
 18153 | D:11     | Identified the +6 hand axe "Pimaam" {freeze, Drain Dex+4}
 18553 | Lair:1   | Entered Level 1 of the Lair of Beasts
 19722 | Lair:2   | Reached skill level 17 in Axes
 19980 | Lair:2   | Noticed Amaemon
 19987 | Lair:2   | Killed Amaemon
 20256 | Lair:2   | Found a staircase to the Shoals.
 20721 | Lair:3   | You fall into a shaft and drop 2 floors!
 20721 | Lair:5   | Entered Level 5 of the Lair of Beasts
 20736 | Lair:5   | Reached skill level 15 in Fighting
 20868 | Lair:5   | Reached XP level 14. HP: 127/135 MP: 9/13
 20933 | Lair:4   | HP: 4/135 [lindwurm (14)]
 20934 | Lair:4   | Slain by a lindwurm

Illustrated notes

Levels and vault maps discovered:
D:1:      ncdulo_smallfort, layout_rooms, serial_shops,
          nicolae_shop_industrial_runoff
D:2:      minmay_recursive_quarters, layout_loops_corners, uniq_jessica,
          uniq_robin
D:3:      layout_basic, nicolae_ru_awakened_eye, uniq_crazy_yiuf_cottage,
          uniq_sigmund
D:4:      layout_basic, evilmike_ruin_ashenzari, minmay_temple_entry_glass,
          serial_shops, kennysheep_little_box, gup_sewer_entry_pipe,
          hangedman_decor_riveting, uniq_duvessa
D:5:      layout_loops_cross, gammafunk_ghost_mausoleum, uniq_blork_the_orc
D:6:      layout_loops_ring, mainiacjoe_overflow_brackets, serial_aquarium,
          aquarium_bridge_square [aquarium_subvault_window,
          aquarium_subvault_balcony, aquarium_subvault_window,
          aquarium_subvault_bridge], aquarium_bridge_island_small
          [aquarium_subvault_small_open, aquarium_subvault_window,
          aquarium_subvault_bridge, aquarium_subvault_bridge,
          aquarium_subvault_bridge], aquarium_window_1, aquarium_window_1,
          aquarium_window_corridor_3, aquarium_window_1, aquarium_view_2f,
          aquarium_view_2a, aquarium_balcony_double_4, aquarium_pool_1
D:7:      layout_rooms, kennysheep_slug_shrine, gammafunk_temple_overflow_claw,
          enter_bailey_5, serial_shops, nicolae_take_the_stairs, shop, shop,
          shop, grunt_ministairs_10, bh_walls_and_bars
D:8:      layout_basic, gammafunk_ghost_wrathful_warriors, columned_hall_lemuel,
          minmay_lindwurm_lava, uniq_joseph
D:9:      layout_small_grid, elyvilon_altar_4, erik_orc_3, serial_undead,
          serial_undead_a, serial_undead_e, serial_undead_c, serial_undead_d,
          serial_undead_d, serial_undead_a, serial_undead_c
D:10:     layout_layer_cave
D:11:     layout_grid_maze, dpeg_oklobed_lair, gammafunk_ghost_grave,
          uniq_sonja, uniq_grum
Lair:1:   layout_cellular_growth
Lair:2:   layout_big_grid, minmay_shoals_entry_lonely_mermaid,
          grunt_megastairs_1, infiniplex_staircase_pool_2, lemuel_fruit_fields,
          uniq_amaemon
Lair:3:   layout_layer_cave, hellmonk_spider_entry_not_the_bees,
          nicolae_lair_lindhole
Lair:4:   layout_regular_city, pf_torpor_hydra
Lair:5:   due_jungle_book, layout_regular_city, slime_entry_1, minivault_25,
          minivault_25, eino_house_with_fridge
Orc:1:    layout_caves, gammafunk_ghost_fury_of_okawaru
Orc:2:    st_orc_mages, layout_caves

Skill      XL: |  1  2  3  4  5  6  7  8  9 10 11 12 13 |
---------------+----------------------------------------+-----
Axes           | 4 5 6 7 8 9 12 14 15 16 17 | 17.7
Fighting       | 4 5 6 7 8 10 11 12 13 15 | 15.2
Maces & Flails | 2 7 10 | 10.1
Ranged Weapons | 4 8 11 14 | 14.0
Armour         | |  2.4
Dodging        | |  2.1

Action                     |  1- 3 |  4- 6 |  7- 9 | 10-12 | 13-15 || total
---------------------------+-------+-------+-------+-------+-------++-------
  Melee: Hand axe          |    45 |     5 |       |    28 |       ||    78
         Headbutt          |     4 |    16 |    37 |    63 |    33 ||   153
         Trident           |       |   164 |   164 |       |       ||   328
         Punch             |       |     1 |     1 |       |       ||     2
         Battleaxe         |       |       |    30 |       |    29 ||    59
         Dire flail        |       |       |    26 |   294 |   139 ||   459
   Fire: Sling             |       |       |       |    35 |       ||    35
         Arbalest          |       |       |       |   196 |   118 ||   314
  Throw: Dart              |       |     4 |       |     1 |       ||     5
         Throwing net      |       |     1 |       |       |       ||     1
         Boomerang         |       |       |    30 |    17 |     2 ||    49
 Invoke: Berserk           |     2 |     3 |     8 |    13 |     6 ||    32
         Trog's Hand       |       |     4 |     8 |    25 |     7 ||    44
  Evoke: Wand              |       |       |     9 |    12 |     2 ||    23
    Use: Scroll            |     1 |     8 |     6 |    14 |     5 ||    34
         Potion            |       |       |     4 |     5 |       ||     9
 Armour: Scale mail        |    15 |    65 |    27 |       |       ||   107
         Chain mail        |       |       |    18 |       |       ||    18
         Plate armour      |       |       |    16 |   212 |   185 ||   413
         Ring mail         |       |       |     9 |       |       ||     9
  Dodge: Dodged            |    20 |    72 |    82 |   143 |   121 ||   438
  Block: Other             |       |    25 |    35 |    85 |       ||   145
         Reflection        |       |     1 |     4 |     6 |       ||    11
